Map: Estaleiro Orbital

Players

Cham - Winner!

  • Race: Zerg Zerg
  • League: Grandmaster

Darkness

  • Race: Protoss Protoss
  • League: Grandmaster

Event: Copa America 2016 Season 1

VOD

Have the link to the VOD?

Description

Time

  • Played on: Feb. 16, 2016, 7:20 p.m.
  • Length: 9:17

All games in this series

Show
View Real Time Build Order
Export as new Build Order

Cham Zerg - Winner!

Build Orders: 3 Hatch before Pool 

Get SALT Encoding   

  12  0:01  Drone  
  13  0:09  Drone  
  14  0:17  Overlord  
  14  0:36  Drone x3  
  17  0:57  Drone  
  17  0:58  Hatchery  
  17  1:01  Drone  
  18  1:21  Hatchery  
  18  1:24  Drone  
  18  1:27  Drone  
  19  1:38  Extractor  
  18  1:42  Spawning Pool  
  18  1:45  Drone  
  18  1:48  Drone  
  18  1:52  Drone  
  20  2:05  Drone  
  21  2:11  Drone  
  21  2:13  Drone  
  23  2:20  Drone  
  24  2:27  Drone  
  24  2:28  Queen  
  27  2:31  Overlord  
  27  2:33  Queen  
  27  2:35  Drone  
  30  2:40  Metabolic Boost, Drone  
  31  2:47  Drone x2  
  31  2:50  Drone  
  34  2:57  Drone x3  
  37  3:01  Queen  
  39  3:06  Zergling x4  
  39  3:08  Zergling x2  
  42  3:14  Overlord  
  42  3:16  Overlord  
  42  3:22  Overlord, Extractor  
  42  3:25  Zergling x2  
  42  3:33  Drone x2  
  44  3:36  Drone  
  44  3:37  Spore Crawler  
  44  3:38  Drone x3  
  44  3:41  Spore Crawler  
  46  3:42  Drone x2  
  49  3:48  Drone x2, Spore Crawler  
  49  3:51  Drone x2  
  49  3:55  Overlord  
  51  3:58  Drone  
  51  4:00  Drone  
  51  4:02  Drone  
  54  4:08  Roach Warren  
  54  4:09  Drone  
  54  4:22  Lair  
  52  4:26  Drone x3  
  52  4:29  Drone x4  
  52  4:31  Drone x4  
  60  4:34  Zergling x4  
  63  4:43  Zergling x4  
  65  4:48  Extractor  
  65  4:49  Overlord, Extractor  
  65  4:51  Drone x3  
  66  4:53  Overlord  
  66  4:55  Overlord x2  
  66  4:58  Overlord  
  63  5:10  Drone x3  
  63  5:12  Drone x5  
  71  5:20  Drone, Extractor  
  71  5:21  Drone x3  
  74  5:24  Overlord, Extractor, Hydralisk Den  
  74  5:25  Drone  
  73  5:28  Drone x2  
  73  5:32  Drone x5  
  78  5:36  Glial Reconstitution  
  78  5:38  Overlord  
  78  5:43  Overlord x2  
  78  5:52  Hydralisk x4  
  78  5:53  Hydralisk  
  78  5:54  Muscular Augments  
  88  5:57  Hydralisk  
  88  5:58  Hydralisk  
  88  5:59  Overlord  
  88  6:02  Hydralisk  
  94  6:04  Hydralisk  
  94  6:08  Hydralisk x2  
  94  6:10  Hydralisk  
  102  6:12  Overlord  
  102  6:17  Drone  
  102  6:18  Hydralisk x2  
  102  6:23  Hydralisk  
  102  6:24  Overlord  
  108  6:26  Hydralisk  
  108  6:27  Roach  
  108  6:28  Roach  
  108  6:30  Roach  
  108  6:31  Roach  
  120  6:33  Roach  
  120  6:40  Hatchery  
  120  6:43  Roach x2  
  120  6:44  Overlord  
  120  6:46  Roach  
  125  6:49  Roach  
  125  6:51  Roach  
  125  6:54  Roach x2  
  130  6:55  Roach  
  130  7:00  Roach x3  
  137  7:02  Roach  
  137  7:03  Roach  
  137  7:04  Roach  
  143  7:09  Roach x2  
  143  7:11  Roach x2  
  143  7:13  Overlord  
  143  7:15  Roach  
  153  7:16  Roach  
  153  7:20  Roach x2  
  153  7:22  Roach  
  161  7:28  Overlord  
  161  7:31  Ravager x2  
  161  7:32  Ravager x5  
  161  7:34  Zergling x2  
  161  7:35  Overlord  
  169  7:40  Overlord  
  169  7:46  Roach x2  
  169  7:47  Roach x2  
  169  7:48  Overseer  
  177  7:56  Roach x2  
  177  7:57  Roach x2  
  165  8:02  Roach  
  165  8:05  Roach x4  
  164  8:10  Roach x3  
  164  8:11  Roach  
  170  8:18  Roach x2  
  176  8:20  Roach x4  
  173  8:38  Roach x3  
  173  8:39  Roach x3  
  171  8:42  Roach x2  
  171  8:45  Roach x4  
Show
View Real Time Build Order
Export as new Build Order

Darkness Protoss 

Build Orders: Nexus First, Oracle Opening 

Get SALT Encoding   

  12  0:02  Probe (Chrono Boost)  
  13  0:12  Probe (Chrono Boost)  
  14  0:19  Pylon  
  14  0:23  Probe (Chrono Boost)  
  15  0:37  Probe (Chrono Boost)  
  16  0:47  Probe (Chrono Boost)  
  17  0:57  Nexus  
  17  1:07  Gateway  
  17  1:10  Probe (Chrono Boost)  
  18  1:16  Assimilator  
  18  1:21  Probe (Chrono Boost)  
  18  1:23  Assimilator  
  19  1:31  Probe (Chrono Boost)  
  20  1:42  Probe (Chrono Boost)  
  21  1:52  Probe (Chrono Boost)  
  22  1:55  Cybernetics Core  
  22  2:03  Probe (Chrono Boost)  
  23  2:09  Probe (Chrono Boost)  
  23  2:13  Probe (Chrono Boost)  
  25  2:20  Probe (Chrono Boost)  
  26  2:24  Probe (Chrono Boost)  
  27  2:30  Probe (Chrono Boost)  
  27  2:33  Stargate  
  27  2:34  Probe (Chrono Boost), Warp Gate  
  31  2:37  Pylon  
  31  2:40  Stalker (Chrono Boost)  
  31  2:41  Probe  
  32  2:45  Probe  
  32  2:50  Pylon  
  33  2:55  Probe (Chrono Boost)  
  33  2:58  Mothership Core (Chrono Boost)  
  36  3:06  Adept (Chrono Boost)  
  36  3:07  Probe (Chrono Boost)  
  39  3:17  Probe x2 (Chrono Boost)  
  41  3:24  Oracle (Chrono Boost)  
  41  3:26  Probe  
  44  3:28  Probe  
  46  3:37  Probe  
  46  3:38  Gateway  
  46  3:40  Pylon, Gateway  
  47  3:43  Probe  
  47  3:47  Probe  
  48  3:51  Adept  
  48  3:55  Probe  
  52  3:58  Probe  
  52  3:59  Void Ray (Chrono Boost)  
  52  4:00  Pylon  
  57  4:07  Probe  
  57  4:08  Probe  
  58  4:19  Probe  
  58  4:21  Probe  
  60  4:29  Twilight Council  
  60  4:31  Probe  
  60  4:32  Assimilator  
  59  4:41  Probe  
  59  4:43  Probe  
  59  4:44  Nexus  
  61  4:47  Pylon  
  61  4:51  Probe  
  61  4:52  Sentry  
  61  4:56  Robotics Facility, Pylon  
  61  4:57  Probe, Assimilator  
  65  5:00  Pylon  
  65  5:02  Probe  
  66  5:09  Probe  
  66  5:10  Sentry  
  66  5:11  Adept  
  66  5:13  Probe  
  71  5:21  Probe  
  73  5:23  Probe, Pylon  
  73  5:24  Pylon  
  74  5:33  Probe  
  74  5:34  Probe, Sentry, Adept  
  74  5:35  Adept  
  81  5:40  Gateway  
  81  5:42  Gateway  
  82  5:44  Probe  
  82  5:45  Probe  
  82  5:49  Charge (Chrono Boost)  
  84  5:56  Probe  
  85  5:57  Probe x2  
  85  6:03  Zealot x3  
  93  6:07  Immortal (Chrono Boost)  
  93  6:08  Probe, Gateway  
  93  6:09  Probe  
  93  6:10  Probe  
  100  6:20  Probe  
  101  6:25  Assimilator  
  101  6:31  Assimilator  
  101  6:33  Forge  
  101  6:39  Robotics Facility  
  101  6:46  Warp Prism (Chrono Boost)  
  100  7:02  Zealot x3  
  100  7:03  Zealot x2  
  110  7:09  Pylon  
  110  7:10  Pylon  
  110  7:11  Pylon  
  110  7:13  Gateway  
  110  7:15  Gateway  
  110  7:18  Observer (Chrono Boost)  
  110  7:19  Gateway  
  110  7:20  Gateway  
  110  7:21  Templar Archives  
  111  7:23  Immortal (Chrono Boost)  
  111  7:28  Zealot x2  
  111  7:29  Zealot x4  
  127  7:34  Pylon  
  127  7:35  Pylon  
  127  7:50  Zealot x6  
  139  7:57  Immortal  
  119  8:10  Zealot x3  
  119  8:11  Zealot x3  
  120  8:31  Zealot x8  
  120  8:32  Zealot x2, Immortal  
Tags
 
Add a new tag
Caveats
  • Supply blocks, unpowered buildings, or Contaminate may cause inaccurate times.
  • Supply counts are checked every 10 seconds.